 Dungeon Crawl Stone Soup version 0.21-a0-324-gfc3775b (webtiles) character file.

5404 MirrMurr the Spear-Bearer (level 10, -2/83 HPs)
             Began as a Merfolk Berserker on Oct 1, 2017.
             Was a High Priest of Trog.
             Slain by an orc warrior
             ... wielding a +0 halberd
              (11 damage)
             ... on level 9 of the Dungeon.
             The game lasted 00:28:32 (7782 turns).

MirrMurr the Spear-Bearer (Merfolk Berserker)       Turns: 7782, Time: 00:28:33

Health: -2/83      AC: 19    Str: 25    XL:     10   Next: 67%
Magic:  10/10      EV: 11    Int:  7    God:    Trog [*****.]
Gold:   52         SH:  5    Dex: 14    Spells: 9/9 levels left

rFire    . . .     SeeInvis .   a - +4 demon trident (venom)
rCold    . . .     Gourm    .   E - +0 buckler
rNeg     . . .     Faith    .   m - +0 plate armour
rPois    .         Spirit   .   z - +1 helmet
rElec    .         Reflect  .   (no cloak)
rCorr    .         Harm     .   s - +1 pair of gloves
MR       .....                  p - +2 pair of boots
Stlth    ..........             (no amulet)
HPRegen  0.23/turn              u - +5 ring of strength
MPRegen  0.12/turn              (no ring)

@: no status effects
A: change form in water, swift swim, stealthy swim
a: Berserk, Trog's Hand, Brothers in Arms, Burn Spellbooks, Renounce Religion


You were on level 9 of the Dungeon.
You worshipped Trog.
Trog was extremely pleased with you.
You were very hungry.

You visited 2 branches of the dungeon, and saw 10 of its levels.
You also visited: Sewer.

You collected 442 gold pieces.
You spent 390 gold pieces at shops.

Inventory:

Hand Weapons
 a - a +4 demon trident of venom (weapon)
 b - a +0 hunting sling
Missiles
 f - 15 poisoned needles
 l - 68 stones
 t - 93 sling bullets
 B - 6 javelins (quivered)
Armour
 m - a +0 plate armour (worn)
 p - a +2 pair of boots (worn)
 s - a +1 pair of gloves (worn)
 z - a +1 helmet (worn)
 E - a +0 buckler (worn)
Jewellery
 u - a +5 ring of strength (left hand)
Wands
 o - a wand of polymorph (6/24)
Scrolls
 g - a scroll of fog
 h - 3 scrolls of teleportation
 k - 3 scrolls of blinking
 r - a scroll of remove curse
 v - 2 scrolls of enchant armour
 w - 2 scrolls of fear
 y - a scroll of summoning
Potions
 e - 4 potions of curing
 n - a potion of flight
 x - a potion of lignification
 A - 2 potions of brilliance
 C - a potion of haste
 D - a potion of invisibility
Books
 i - Sif Muna's Tome of Protection
   (You found it on level 8 of the Dungeon)

   Spells                             Type                      Level
   a - Infusion                       Charms                       1
   Trog disapproves of the use of such an item.
 H - a book of Cantrips

   Spells                             Type                      Level
   a - Confusing Touch                Hexes                        1
   b - Animate Skeleton               Necromancy                   1
   c - Summon Small Mammal            Summoning                    1
   d - Apportation                    Translocation                1
   Trog disapproves of the use of such an item.
Comestibles
 c - 5 bread rations
 d - 7 royal jellies
 j - 4 meat rations
 q - 9 fruits


   Skills:
 * Level 9.4 Fighting
 - Level 14.1 Polearms
 + Level 4.4 Armour
 + Level 7.7 Dodging
 + Level 3.8 Shields


You had 9 spell levels left.
You didn't know any spells.

Dungeon Overview and Level Annotations

Branches:
Dungeon (9/15)             Temple (1/1) D:6             Orc (0/2) D:9
   Lair: D:8-11

Altars:
Ashenzari
Cheibriados
Dithmenos
Fedhas
Hepliaklqana
Makhleb
Okawaru
Qazlal
Sif Muna
Trog
Uskayaw
Wu Jian
Xom
Yredelemnul
Zin

Shops:
D:5 *   D:6 (


Message History

You closely miss the orc warrior.
The orc warrior is lightly wounded.
Your plate armour prevents you from hitting the orc warrior.
The orc warrior is lightly wounded.
You block the orc warrior's attack.
You closely miss the orc warrior.
The orc warrior is lightly wounded.
You puncture the orc warrior!
The orc warrior looks as sick as possible!
The orc warrior is heavily wounded.
The orc warrior hits you with a halberd.
* * * LOW HITPOINT WARNING * * *
You hit the orc warrior but do no damage.
The orc warrior is heavily wounded.
You recover from your berserk rage.
You hit the orc warrior.
The orc warrior looks as sick as possible!
The orc warrior is severely wounded.
The orc warrior hits you with a halberd!
You die...

#....$## #....
#......## #######?...
#.......#####..........
#.......)..............
#......................
..
#.....)((..............
#..
#.....)##+#######......
...
#......)........#.#####
... #.....@#........#O#
?..
......o.#......###.#
... ........#......#
..# ...
........######## ..#
... ......... ..# ...
......... .O.. ...
......... ...
##..>..... ...


You could see an orc warrior.

Vanquished Creatures
  2 two-headed ogres (D:8)
  A gargoyle (D:8)
  A troll (D:8)
  A wyvern (D:9)
  Eustachio (D:6)
  A water moccasin (D:5)
  2 ice beasts
  Purgy (Sewer)
  A sky beast (D:6)
  2 phantoms (D:8)
  5 ogres
  2 centaurs
  A big kobold (D:9)
  3 bullfrogs (D:7)
  2 scorpions
  3 killer bees (D:4)
  4 wights (D:8)
  2 howler monkeys (D:7)
  3 crimson imps
  2 hounds (D:5)
  A jelly (D:8)
  2 centaur skeletons
  9 orc priests
  Terence (D:2)
  Natasha (thrice) (D:2 D:3)
  3 iguanas
  8 orc wizards
  7 worker ants
  A hound zombie (D:4)
  Robin (D:2)
  4 gnolls (D:6)
  7 adders
  A howler monkey skeleton (D:4)
  An ooze (D:4)
  2 worms
  An adder skeleton (D:8)
  An adder zombie (D:8)
  2 dart slugs
  7 leopard geckos
  30 orcs
  5 bats
  12 giant cockroaches
  12 goblins
  6 hobgoblins
  10 jackals
  5 quokkas
  A ball python (D:3)
  6 frilled lizards
  2 gnoll zombies (D:3)
  A jackal skeleton (D:8)
  7 kobolds
  A leopard gecko zombie (D:7)
  A quokka skeleton (D:7)
  7 rats
208 creatures vanquished.

Notes
Turn   | Place    | Note
-------+----------+-------------------------------------------
     0 | D:1      | MirrMurr the Merfolk Berserker began the quest for the Orb.
     0 | D:1      | Reached XP level 1. HP: 18/18 MP: 1/1
   141 | D:1      | Found a snail-covered altar of Cheibriados.
   143 | D:1      | Reached skill level 5 in Polearms
   163 | D:1      | Reached XP level 2. HP: 23/24 MP: 2/2
   823 | D:2      | Reached XP level 3. HP: 14/29 MP: 3/3
  1018 | D:2      | Reached skill level 6 in Polearms
  1066 | D:2      | Reached skill level 7 in Polearms
  1066 | D:2      | Reached XP level 4. HP: 35/35 MP: 4/4
  1072 | D:2      | Reached ** piety under Trog
  1218 | D:2      | Noticed Robin
  1238 | D:2      | Killed Robin
  1336 | D:2      | Found a hide-covered altar of Uskayaw.
  1377 | D:2      | Noticed Natasha
  1416 | D:2      | Killed Natasha
  1416 | D:2      | Reached skill level 8 in Polearms
  1419 | D:2      | Reached XP level 5. HP: 28/41 MP: 5/5
  1588 | D:2      | Noticed Terence
  1595 | D:2      | Killed Terence
  1912 | D:3      | Found a glowing drain.
  1941 | Sewer    | Entered a sewer
  1947 | Sewer    | Noticed Purgy
  1955 | Sewer    | Killed Purgy
  1955 | Sewer    | Reached skill level 9 in Polearms
  1955 | Sewer    | Reached XP level 6. HP: 47/47 MP: 6/6
  2184 | D:3      | Noticed Natasha
  2194 | D:3      | Killed Natasha
  2206 | D:3      | Reached *** piety under Trog
  2263 | D:3      | Reached skill level 10 in Polearms
  2310 | D:3      | Noticed Natasha
  2317 | D:3      | Killed Natasha
  2382 | D:3      | Found a burning altar of Makhleb.
  2383 | D:3      | Noticed an Executioner
  2596 | D:3      | Found a stormy altar of Qazlal.
  2850 | D:3      | Found a basalt altar of Yredelemnul.
  2914 | D:4      | Reached XP level 7. HP: 46/52 MP: 7/7
  2940 | D:4      | Reached skill level 11 in Polearms
  2987 | D:4      | Found an iron altar of Okawaru.
  3083 | D:4      | Found a shadowy altar of Dithmenos.
  3136 | D:4      | Reached skill level 12 in Polearms
  3249 | D:4      | Reached XP level 8. HP: 34/60 MP: 8/8
  3557 | D:4      | Reached skill level 5 in Fighting
  3562 | D:4      | Reached **** piety under Trog
  3581 | D:4      | Found a shattered altar of Ashenzari.
  3584 | D:4      | Found an ornate altar of the Wu Jian Council.
  3587 | D:4      | Found a bloodstained altar of Trog.
  3664 | D:4      | Found a blossoming altar of Fedhas.
  3817 | D:5      | Entered Level 5 of the Dungeon
  4025 | D:5      | Found Dexkov's General Store.
  4608 | D:6      | Found a staircase to the Ecumenical Temple.
  4617 | Temple   | Entered the Ecumenical Temple
  4620 | D:6      | Found Cosuvam's Weapon Emporium.
  4859 | D:6      | Noticed Eustachio
  4905 | D:6      | Killed Eustachio
  4905 | D:6      | Reached skill level 5 in Dodging
  4905 | D:6      | Reached XP level 9. HP: 71/71 MP: 9/9
  5462 | D:7      | Reached skill level 13 in Polearms
  6461 | D:8      | Noticed a two-headed ogre
  6580 | D:8      | Noticed a troll
  6594 | D:8      | Killed a troll
  6594 | D:8      | Reached skill level 1 in Shields
  6627 | D:6      | Bought a +2 demon trident of venom for 390 gold pieces
  6744 | D:8      | Found a glowing silver altar of Zin.
  6878 | D:8      | Noticed a two-headed ogre
  6888 | D:8      | Killed a two-headed ogre
  6888 | D:8      | Reached skill level 14 in Polearms
  6888 | D:8      | Reached XP level 10. HP: 80/80 MP: 10/10
  7178 | D:8      | Killed a two-headed ogre
  7206 | D:8      | Found a deep blue altar of Sif Muna.
  7233 | D:8      | Identified Sif Muna's Tome of Protection
  7572 | D:8      | Noticed a gargoyle
  7589 | D:8      | Killed a gargoyle
  7670 | D:9      | Found a staircase to the Orcish Mines.
  7744 | D:9      | Reached ***** piety under Trog
  7768 | D:9      | HP: 3/83 [ogre/giant spiked club (14)]
  7774 | D:9      | HP: 1/83 [orc warrior/halberd (3)]
  7782 | D:9      | Slain by an orc warrior

Vault maps used:
D:1:      scummos_arrival_forest, cheibriados_altar_1
D:2:      overflow_temple_1_default, first_bread, uniq_terence, uniq_robin,
          uniq_natasha
D:3:      makhleb_altar_promises_db, lemuel_doored_altar,
          lemuel_zombie_altar_yredelemnul, gup_sewer_entry_pipe
D:4:      lemuel_crystal_altar, kennysheep_little_box,
          grunt_temple_overflow_diamond,
          nicolae_dithmenos_through_a_glass_darkly
D:5:      serial_shops, nicolae_shop_crystal
D:6:      minmay_temple_entry_butterflies, serial_shops, shop, uniq_eustachio
D:8:      overflow_temple_1_default, led_sif_book
D:9:      lemuel_round_altar, kennysheep_orc_monster_closet_entryway,
          blue_anna_alchemist, uniq_joseph
Temple:   compressed_dpeg_triangle_lava_temple
Sewer:    kennysheep_door_sewer

Skill      XL: |  1  2  3  4  5  6  7  8  9 10 |
---------------+-------------------------------+-----
Polearms       | 5 7 8 9 10 12 14 | 14.1
Fighting       | 4 6 8 9 |  9.4
Dodging        | 3 5 6 7 |  7.7
Armour         | 2 3 4 |  4.4
Shields        | 2 3 |  3.8

Action                   |  1- 3 |  4- 6 |  7- 9 | 10-12 || total
-------------------------+-------+-------+-------+-------++-------
Melee: Spear             |   119 |   273 |   147 |       ||   539
       Trident           |       |       |   120 |       ||   120
       Halberd           |       |       |   128 |       ||   128
       Demon trident     |       |       |    27 |    79 ||   106
 Fire: Hunting sling     |       |    10 |     9 |    29 ||    48
Throw: Javelin           |       |       |     2 |       ||     2
Invok: Berserk           |     2 |     5 |     5 |     1 ||    13
       Trog's Hand       |       |       |       |     1 ||     1
  Use: Scroll            |       |    13 |     7 |     6 ||    26
       Potion            |       |       |       |     3 ||     3
 Stab: Sleeping          |     1 |       |       |       ||     1
       Distracted        |       |     1 |       |       ||     1
  Eat: Chunk             |     1 |    12 |    18 |     2 ||    33
Armor: Animal skin       |     9 |       |       |       ||     9
       Plate armour      |    14 |   110 |   175 |    37 ||   336
Dodge: Dodged            |    34 |    60 |   125 |    25 ||   244
Block: Buckler           |       |       |     3 |    17 ||    20

Table legend:
 A = Spawn XP
 B = Non-spawn XP
 C = Spawn XP percentage of total XP
 D = Spawn monster count
 E = Non-spawn monster count
 F = Spawn count percentage of total count
 G = Total turns spent on level
                    A         B        C        D         E        F      G
               +---------+---------+-------+---------+---------+-------+---------
         Total |       0 |    7720 |   0.0 |       0 |     208 |   0.0 |  7782
               +---------+---------+-------+---------+---------+-------+---------
           D:1 |       0 |      20 |   0.0 |       0 |      14 |   0.0 |   703
           D:2 |       0 |     200 |   0.0 |       0 |      36 |   0.0 |  1191
           D:3 |       0 |     239 |   0.0 |       0 |      38 |   0.0 |   876
           D:4 |       0 |     995 |   0.0 |       0 |      30 |   0.0 |   902
           D:5 |       0 |     315 |   0.0 |       0 |      10 |   0.0 |   683
           D:6 |       0 |     727 |   0.0 |       0 |      12 |   0.0 |   869
           D:7 |       0 |     711 |   0.0 |       0 |      23 |   0.0 |  1153
           D:8 |       0 |    3453 |   0.0 |       0 |      25 |   0.0 |  1118
           D:9 |       0 |     921 |   0.0 |       0 |      14 |   0.0 |   140
         Sewer |       0 |     139 |   0.0 |       0 |       6 |   0.0 |   145
               +---------+---------+-------+---------+---------+-------+---------
